 Dungeon Crawl Stone Soup version 0.29-a0-664-gff9cad4a3d (webtiles) character file.

Game seed: 12595005115072970692

117791 buhh the Peltast (level 17, -2/127 HPs)
             Began as a Formicid Hunter on June 22, 2022.
             Was a Believer of Hepliaklqana.
             Slain by an ogre
             ... wielding a +0 giant club
              (16 damage)
             ... on level 2 of the Orcish Mines.
             The game lasted 01:23:02 (31111 turns).

buhh the Peltast (Formicid Hunter)                 Turns: 31111, Time: 01:23:03

Health: -2/127     AC: 10    Str: 17    XL:     17   Next: 30%
Magic:  23/23      EV: 13    Int: 10    God:    Hepliaklqana [**....]
Gold:   2487       SH:  0    Dex: 26    Spells: 11/16 levels left

rFire   . . .      SeeInvis +   m - +0 arbalest of the Silent Majority {flame, Dex+3}
rCold   . . .      Faith    .   (no shield)
rNeg    . . .      Spirit   .   E - +0 troll leather armour
rPois   .          Reflect  .   (helmet unavailable)
rElec   .          Harm     .   (no cloak)
rCorr   .          Rampage  .   i - +0 pair of gloves
Will    +....                   (no boots)
Stlth   +.........              o - amulet of Vitality {RegenMP++ Regen++}
HPRegen 2.71/turn               d - +4 ring of protection
MPRegen 0.98/turn               r - +4 ring of slaying

@: confused, brilliant, ambrosia-drunk
A: reduced essence, permanent stasis, dig shafts and tunnels, antennae 3, four
strong arms
a: Dig, Shaft Self, Renounce Religion, Recall Ancestor, Ancestor Identity


You were on level 2 of the Orcish Mines.
You worshipped Hepliaklqana.
Hepliaklqana was pleased with you.
You visited 4 branches of the dungeon, and saw 24 of its levels.
You also visited: Trove, Ossuary and Volcano.

You collected 2597 gold pieces.
You spent 110 gold pieces at shops.

Inventory:

Hand Weapons
 m - the +0 arbalest of the Silent Majority (weapon) {flame, Dex+3}
   (You acquired it on level 14 of the Dungeon)

   Any ammunition fired from it burns those it strikes, dealing additional fire
   damage.
   Dex:       It affects your dexterity (+3).
Missiles
 x - 5 curare-tipped darts
Armour
 i - a +0 pair of gloves (worn)
 E - a +0 troll leather armour (worn)
Magical Staves
 u - a staff of cold
Jewellery
 a - a ring of resist corrosion
 b - the ring "Qeulumu" {Drain rC+++ Will- Str+6 Int+8}
   (You found it in a treasure trove)

   [ring of strength]

   Str:       It affects your strength (+6).
   Int:       It affects your intelligence (+8).
   rC:        It renders you almost immune to cold.
   Drain:     It drains your maximum health when unequipped.
   Will:      It decreases your willpower.
 d - a +4 ring of protection (left hand)
 n - a ring of positive energy
 o - the amulet of Vitality (around neck) {RegenMP++ Regen++}
   (You found it in a treasure trove)

   [amulet of magic regeneration]

   It increases your rate of magic regeneration.
   Regen:     It increases your rate of health regeneration.
 r - a +4 ring of slaying (right hand)
 C - a +6 ring of strength
 H - a +4 ring of evasion
 I - the ring of Fycof {Fire Contam rCorr Str+6}
   (You found it in a treasure trove)

   [ring of fire]

   It enhances your fire magic.
   Str:       It affects your strength (+6).
   rF:        It protects you from fire.
   rC:        It makes you vulnerable to cold.
   Contam:    It causes magical contamination when unequipped.
   rCorr:     It protects you from acid and corrosion.
 J - a +4 ring of protection
 L - the ring of Omanyl {Fire Str+3 Stlth+}
   (You found it in a treasure trove)

   [ring of fire]

   It enhances your fire magic.
   Str:       It affects your strength (+3).
   rF:        It protects you from fire.
   rC:        It makes you vulnerable to cold.
   Stlth:     It makes you more stealthy.
 S - a ring of ice
 V - the ring of Feufo {+Blink rElec rF+ rC+}
   (You found it in a treasure trove)

   [ring of protection from fire]

   rF:        It protects you from fire.
   rC:        It protects you from cold.
   rElec:     It insulates you from electricity.
   +Blink:    It lets you blink.
Wands
 f - a wand of flame (54)
 p - a wand of charming (6)
 v - a wand of digging (10)
 y - a wand of iceblast (10)
 D - a wand of mindburst (7)
 G - a wand of polymorph (7)
Scrolls
 c - a scroll of blinking {!d}
 g - 7 scrolls of identify {!d}
 l - 5 scrolls of vulnerability
 t - 9 scrolls of teleportation {!d}
 F - 3 scrolls of enchant weapon
 P - a scroll of magic mapping {!r!d}
 Q - 5 scrolls of fog
 R - 2 scrolls of torment
 T - 7 scrolls of immolation {!d}
 X - 3 scrolls of amnesia
 Z - 4 scrolls of enchant armour
Potions
 e - 5 potions of attraction
 h - 7 potions of berserk rage {!q}
 j - 6 potions of degeneration
 k - 2 potions of flight
 q - 3 potions of might {unknown}
 s - 3 potions of lignification {unknown}
 w - 2 potions of invisibility {unknown}
 z - 2 potions of resistance {!q!d}
 A - a potion of magic {unknown}
 B - 2 potions of ambrosia {!q!d}
 K - 2 potions of brilliance {!q!d}
 O - 2 potions of haste {!q!d}


   Skills:
 - Level 15.3 Fighting
 - Level 16.0 Crossbows
 - Level 5.1 Armour
 - Level 2.1 Dodging
 - Level 2.0 Stealth
 - Level 16.1 Shields
 * Level 8.5 Necromancy
 - Level 15.0 Earth Magic
 - Level 9.0 Invocations


You had 11 spell levels left.
You knew the following spells:

 Your Spells              Type           Power      Damage    Failure   Level
a - Borgnjor's Vile Clut  Necr/Erth      17%        N/A       10%         5

Your spell library contained the following spells:

 Spells                   Type           Power      Damage    Failure   Level
 Lee's Rapid Deconstruct  Erth           22%        3d14*     2%          5
 Dispel Undead            Necr           25%        3d12      14%         4
 Summon Small Mammal      Summ           0%         N/A       41%         1
 Static Discharge         Conj/Air       0%         N/A       56%         2
 Call Canine Familiar     Summ           0%         N/A       80%         3
 Gell's Gravitas          Tloc           0%         N/A       80%         3
 Lesser Beckoning         Tloc           0%         N/A       80%         3
 Ozocubu's Armour         Ice            0%         N/A       80%         3
 Portal Projectile        Hex/Tloc       0%         N/A       80%         3
 Summon Guardian Golem    Hex/Summ       0%         N/A       80%         3
 Teleport Other           Tloc           0%         N/A       80%         3
 Tukima's Dance           Hex            0%         N/A       80%         3
 Fulminant Prism          Conj/Hex       0%         3d6       99%         4
 Iskenderun's Mystic Bla  Conj/Tloc      0%         2d3       99%         4
 Sticky Flame             Conj/Fire      0%         2d3       99%         4
 Alistair's Intoxication  Tmut/Pois      0%         N/A       100%        5
 Blade Hands              Tmut           0%         N/A       100%        5
 Lightning Bolt           Conj/Air       0%         1d11      100%        5
 Manifold Assault         Tloc           0%         N/A       100%        5
 Metabolic Englaciation   Hex/Ice        0%         N/A       100%        5
 Eringya's Noxious Bog    Tmut/Pois      0%         N/A       100%        6
 Simulacrum               Ice/Necr       6%         N/A       100%        6
 Maxwell's Capacitive Co  Air            0%         ∞         100%        8
 Blink                    Tloc           Unusable   N/A       N/A         2

Dungeon Overview and Level Annotations

Branches:
Dungeon (15/15) Zot: 17931  Temple (1/1) D:6 Zot: 5690    Lair (6/6) D:11 Zot: 23959
  Swamp (0/4) Lair:3        Snake (0/4) Lair:2        Slime (0/5) Lair:6
    Orc (2/2) D:12 Zot: 11173     Elf (0/3) Orc:2        Vaults (0/5) D:14
 Depths (0/4) D:15        Ossuary (visited)         Volcano (visited)

Altars:
Ashenzari
Fedhas
Gozag
Hepliaklqana
Kikubaaqudgha
Makhleb
Nemelex Xobeh
Sif Muna
Trog
Uskayaw
Vehumet
Xom
Yredelemnul
Zin
The Shining One
Jiyva

Shops:
D:10 *   D:11 :   D:12 *   Orc:1 **   Orc:2 [[

Annotations:
D:5 3 runed translucent doors, ZappyNine's ghost, novice BaTm; chrisa4242's ghost, amateur GrGl
D:7 exclusion: hornet
D:8 exclusion: centaur
D:15 1 runed translucent door
Lair:1 3 runed translucent doors, exclusion: 3 doors, DocClef's ghost, journeyman MiGl; Joseph; ders's ghost, journeyman DjCj; lunkers's ghost, journeyman FoFi; royokou's ghost, journeyman DgEE
Lair:5 3 runed translucent doors, exclusion: 3 doors, Buqosi's ghost, journeyman BaIE
Lair:6 3 runed translucent doors, exclusions: 3 doors and obsidian statue, Selrock's ghost, journeyman MfGl


Innate Abilities, Weirdness & Mutations

Your life essence is reduced to manifest your ancestor. (-10% HP)
You cannot be hasted, slowed, berserked, paralysed or teleported.
You can dig through walls and to a lower floor.
You have a pair of large antennae on your head. (SInv)
Your four strong arms can wield two-handed weapons with a shield.


Message History

The two-headed ogre hits you with a +0 dire flail!
* * * LOW HITPOINT WARNING * * *
Really quaff
N - 3 potions of curing {!q!d}?
You feel better. The ogre hits you but does no damage.
The ogre closely misses you.
It was a potion of brilliance.
You feel clever all of a sudden.
K - 2 potions of brilliance;
n - a ring of positive energy The ogre closely misses you.
The ogre hits you with a +0 giant club!!
* * * LOW HITPOINT WARNING * * *
The two-headed ogre attacks as you move away!
The two-headed ogre closely misses you.
The two-headed ogre hits you with a +0 dire flail!
* * * LOW HITPOINT WARNING * * *
Really quaff
N - 2 potions of curing {!q!d}?
You feel better. The ogre barely misses you.
The two-headed ogre completely misses you.
The two-headed ogre hits you with a +0 dire flail.
* * * LOW HITPOINT WARNING * * *
Really quaff
N - a potion of curing {!q!d}?
You feel better. The ogre hits you with a +0 giant club!
* * * LOW HITPOINT WARNING * * *
Okay, then.
Okay, then.
Okay, then.
Really quaff
B - 3 potions of ambrosia {!q!d}?
You are confused.
You feel invigorated. The ogre hits you with a +0 giant club!
* * * LOW HITPOINT WARNING * * *
The two-headed ogre hits you with a +0 giant club!
* * * LOW HITPOINT WARNING * * *
The two-headed ogre hits you with a +0 dire flail!
* * * LOW HITPOINT WARNING * * *
The ogre mage closely misses you. The ogre closely misses you.
A two-headed ogre comes into view.
It is wielding a +0 giant spiked club and a +0 giant club.
The two-headed ogre closely misses you. x2
The ogre hits you with a +0 giant club!
You die...

.............#......#....
#.#....................O.
##.....#..................
#.....##.................
##.#...##∩..........)....
####.#.............#.)..
##....................
#..........OOO.).()#.∩
#.........##@#{).))[)[
##........######......#
#...........## .....##
##.#....#....# $#..##
###.....##.## #####
##.....### ####.## ###


You could see 2 two-headed ogres, an ogre mage (invisible) and an ogre (fast).

Vanquished Creatures
  A fire giant (D:12)
  A frost giant (D:12)
  3 dire elephants (Lair:6)
  2 ogre magi
  8 hydras
  8 two-headed ogres
  4 boulder beetles
  A centaur warrior (D:13)
  Erica (D:8)
  6 death yaks
  Nergalle (Lair:3)
  Amaemon (Lair:3)
  A spectral death yak (Lair:6)
  Sonja (D:13)
  A spectral anaconda (Lair:6)
  A skeletal warrior (D:15)
  2 deep trolls (Orc:2)
  3 orc knights
  2 necromancers (Lair:6)
  3 ugly things
  5 oklob plants (Lair:6)
  2 orc sorcerers (Orc:1)
  9 cyclopes
  A wolf spider (shapeshifter) (D:15)
  2 manticores
  27 elephants
  A black mamba (Lair:2)
  A dire elephant zombie (Lair:6)
  14 cane toads
  A dire elephant skeleton (Lair:6)
  5 gargoyles
  5 rime drakes
  9 komodo dragons
  A tengu conjurer (D:14)
  5 yaktaurs (D:15)
  A tyrant leech (Lair:3)
  A meliai (shapeshifter) (D:12)
  6 meliai
  10 trolls
  A polar bear (Lair:6)
  A hornet (D:8)
  10 blink frogs
  3 slime creatures (D:12)
  2 vampires
  3 wyverns
  2 shadows
  3 wraiths
  3 basilisks
  47 yaks
  3 vampire mosquitoes
  A death yak simulacrum (Lair:6)
  2 spectral cane toads (Lair:6)
  A warg (D:12)
  2 swamp worms (Lair:3)
  18 water moccasins
  5 ice beasts
  12 orc warriors
  4 sky beasts
  A black bear (shapeshifter) (D:15)
  11 ogres
  15 wolves
  7 centaurs
  2 elf zombies (Ossuary)
  3 kobold brigands
  11 bullfrogs
  A cane toad simulacrum (Lair:6)
  2 necrophages (D:4)
  A scorpion (D:6)
  5 wights
  2 elephant simulacra (Lair:6)
  29 killer bees
  2 howler monkeys
  7 electric eels
  2 centaur zombies (Ossuary)
  2 gnoll shamans
  6 hounds
  2 human zombies (Ossuary)
  2 jellies
  14 orc priests
  4 iguanas
  20 orc wizards
  17 hell rats (Lair:5)
  A boggart simulacrum (D:12)
  2 mummies (Ossuary)
  9 gnolls
  5 adders
  3 white imps
  An ufetubus (D:5)
  An adder zombie (Ossuary)
  2 worms
  2 dart slugs
  47 orcs
  3 bats (D:1)
  4 endoplasms
  4 giant cockroaches
  9 hobgoblins
  8 jackals
  13 kobolds
  3 quokkas
  5 ball pythons
  4 frilled lizards
  6 goblins
  8 hobgoblin zombies (Ossuary)
  3 jackal zombies (Ossuary)
  10 kobold zombies (Ossuary)
  7 orc zombies (Ossuary)
  3 rats
  A rat zombie (Ossuary)
612 creatures vanquished.

Vanquished Creatures (collateral kills)
  A dire elephant (Lair:6)
  Nessos (D:13)
  Fannar (Orc:1)
  4 hydras
  2 boulder beetles
  5 two-headed ogres
  A tengu warrior (D:14)
  5 death yaks
  2 skeletal warriors (D:15)
  A necromancer (Lair:6)
  2 manticores
  An orc sorcerer (Orc:1)
  An ugly thing (D:14)
  A cyclops (D:13)
  3 black mambas (Lair:2)
  4 elephants
  2 gargoyles
  7 cane toads
  An orange demon (Lair:3)
  An unseen horror (D:11)
  An efreet (D:14)
  3 komodo dragons
  3 meliai (D:13)
  3 trolls
  A queen bee (D:12)
  2 hornets
  4 blink frogs
  20 yaks
  A vampire (D:12)
  A water elemental (D:15)
  3 basilisks
  A wyvern (Lair:1)
  2 wraiths
  A death yak simulacrum (Lair:6)
  6 vampire mosquitoes
  5 water moccasins
  3 ogres (Orc:2)
  6 orc warriors
  8 wolves
  A centaur (D:12)
  5 bullfrogs
  A cane toad simulacrum (Lair:6)
  A necrophage (D:7)
  2 wights
  An elephant simulacrum (Lair:6)
  15 killer bees
  An electric eel (D:8)
  An orc priest (D:8)
  A hound (D:11)
  An orc wizard (Orc:1)
  A hell rat (Lair:5)
  2 gnolls (D:9)
  13 orcs
  2 kobolds (D:6)
168 creatures vanquished.

Vanquished Creatures (others)
  A killer bee (D:12)
  20 knights
  45 fungi
  80 plants
  26 withered plants
172 creatures vanquished.

Grand Total: 952 creatures vanquished

Notes
Turn   | Place    | Note
-------+----------+-------------------------------------------
     0 | D:1      | buhh the Formicid Hunter began the quest for the Orb.
     0 | D:1      | Reached XP level 1. HP: 16/16 MP: 1/1
   201 | D:1      | Reached XP level 2. HP: 23/23 MP: 2/2
   531 | D:1      | Reached XP level 3. HP: 28/28 MP: 3/3
  1322 | D:2      | Found a faded altar of an unknown god.
  1857 | D:3      | Reached XP level 4. HP: 35/35 MP: 4/4
  2025 | D:3      | Reached XP level 5. HP: 42/42 MP: 5/5
  2436 | D:3      | Reached XP level 6. HP: 36/49 MP: 6/6
  2915 | D:4      | Found a sand-covered staircase.
  2925 | Ossuary  | Entered an ossuary
  3095 | Ossuary  | Reached XP level 7. HP: 35/56 MP: 7/7
  4794 | D:5      | Entered Level 5 of the Dungeon
  4804 | D:5      | Reached XP level 8. HP: 65/65 MP: 8/8
  5539 | D:5      | Found a runed translucent gate.
  5543 | D:5      | Found a runed translucent gate.
  5593 | D:5      | Found a runed translucent gate.
  5603 | D:5      | Noticed ZappyNine's ghost (novice BaTm)
  5603 | D:5      | Noticed chrisa4242's ghost (amateur GrGl)
  6650 | D:5      | Reached XP level 9. HP: 68/74 MP: 9/9
  7068 | D:6      | Found a staircase to the Ecumenical Temple.
  7092 | Temple   | Entered the Ecumenical Temple
  7379 | Temple   | Became a worshipper of Hepliaklqana the Forgotten
  7654 | D:7      | Noticed a hornet
  8302 | D:7      | Reached * piety under Hepliaklqana
  9180 | D:6      | Reached XP level 10. HP: 69/76 MP: 10/10
  9755 | D:8      | Noticed Erica
  9759 | D:8      | You fall into a shaft and drop 3 floors!
  9805 | D:11     | Reached ** piety under Hepliaklqana
  9806 | D:11     | Remembered your ancestor Kaladin as a knight
  9811 | D:11     | Noticed an eight-headed hydra
  9850 | D:11     | Noticed a komodo dragon
  9856 | D:11     | You fall into a shaft and drop 3 floors!
  9918 | D:14     | Noticed a cyclops
  9930 | D:14     | Killed a cyclops
  9931 | D:14     | Reached skill level 11 in Fighting
 10283 | D:14     | Noticed a purple ugly thing
 10283 | D:14     | Noticed a purple ugly thing
 10283 | D:14     | Noticed a purple ugly thing
 10403 | D:14     | Noticed an efreet
 10410 | D:14     | Killed an efreet
 10411 | D:14     | Reached skill level 11 in Crossbows
 10411 | D:14     | Noticed a manticore
 10412 | D:14     | Noticed a boulder beetle
 10419 | D:14     | Killed a boulder beetle
 10425 | D:14     | Killed a manticore
 10483 | D:13     | Noticed a cyclops
 10708 | D:14     | Noticed a tengu warrior
 10858 | D:13     | Noticed a cyclops
 10864 | D:13     | Killed a cyclops
 10865 | D:13     | Reached XP level 11. HP: 85/85 MP: 11/11
 10900 | D:13     | Noticed Nessos
 10917 | D:13     | You fall into a shaft and drop 2 floors!
 10917 | D:15     | Entered Level 15 of the Dungeon
 11337 | D:15     | Noticed a manticore
 11577 | D:13     | Noticed a centaur warrior
 11616 | D:14     | You fall into a shaft and drop 1 floor!
 11966 | D:13     | Killed a centaur warrior
 12514 | D:13     | Killed a cyclops
 12602 | D:12     | Noticed a four-headed hydra
 12619 | D:13     | Killed a four-headed hydra
 12953 | D:12     | Found Pinug Geudy's General Store.
 13104 | D:11     | Noticed a two-headed ogre
 13108 | D:10     | Entered Level 10 of the Dungeon
 13165 | D:10     | Found Ciopraapt's Mayhem Merchandise.
 13281 | D:9      | Reached *** piety under Hepliaklqana
 13719 | D:8      | Killed Erica
 13720 | D:8      | Reached XP level 12. HP: 96/96 MP: 12/12
 14109 | D:8      | You fall into a shaft and drop 3 floors!
 14201 | D:11     | Found Nom Xulo's Book Boutique.
 14203 | D:11     | Noticed a two-headed ogre
 14210 | D:11     | Killed a two-headed ogre
 14451 | D:11     | Found a staircase to the Lair.
 14515 | D:11     | Killed a two-headed ogre
 14708 | D:11     | Reached skill level 15 in Fighting
 14931 | Lair:1   | Entered Level 1 of the Lair of Beasts
 15093 | Lair:1   | Found a runed translucent gate.
 15093 | Lair:1   | Found a runed translucent gate.
 15095 | Lair:1   | Found a runed translucent gate.
 15096 | Lair:1   | Noticed DocClef's ghost (journeyman MiGl)
 15097 | Lair:1   | Noticed royokou's ghost (journeyman DgEE)
 15097 | Lair:1   | Noticed lunkers's ghost (journeyman FoFi)
 15097 | Lair:1   | Noticed ders's ghost (journeyman DjCj)
 15591 | Lair:1   | You fall into a shaft and drop 1 floor!
 15698 | Lair:2   | Found a dark tunnel.
 15703 | Volcano  | Entered a volcano
 16444 | Lair:1   | Reached XP level 13. HP: 104/104 MP: 13/13
 16545 | Lair:1   | Noticed Joseph
 16654 | Lair:1   | Reached **** piety under Hepliaklqana
 17933 | D:9      | Noticed a catoblepas
 17969 | D:9      | You fall into a shaft and drop 3 floors!
 18501 | D:12     | Identified the +11 falchion of the Endless Lies {vorpal,
                  | rF+ Dex+3}
 18592 | D:12     | Noticed a seven-headed hydra
 18600 | D:12     | Killed a seven-headed hydra
 18734 | D:12     | Noticed a four-headed hydra
 18741 | D:12     | Killed a four-headed hydra
 18863 | D:12     | Found a staircase to the Orcish Mines.
 19039 | D:12     | Noticed a five-headed hydra
 19051 | D:12     | Killed a five-headed hydra
 19054 | D:12     | Noticed a seven-headed hydra
 19062 | D:12     | Killed a seven-headed hydra
 19063 | D:12     | Reached skill level 11 in Shields
 19306 | D:11     | Killed an eight-headed hydra
 19687 | D:12     | Noticed a frost giant
 19720 | D:13     | You fall into a shaft and drop 2 floors!
 20029 | D:13     | Noticed a boulder beetle
 20068 | D:13     | Killed a boulder beetle
 20069 | D:13     | Reached XP level 14. HP: 107/110 MP: 13/15
 20243 | D:13     | Killed Nessos
 20633 | D:13     | You fall into a shaft and drop 2 floors!
 20949 | D:15     | Found a staircase to the Depths.
 20949 | D:15     | Noticed a fire giant
 20996 | D:15     | Found a portal to a secret trove of treasure.
 21566 | D:14     | Found a gate to the Vaults.
 21698 | D:14     | Reached skill level 15 in Crossbows
 21702 | D:14     | Identified a scroll of acquirement
 21708 | D:14     | Acquired the +0 arbalest of the Silent Majority {flame,
                  | Dex+3}
 21772 | D:13     | HP: 4/110 [meliai/divine providence (14)]
 21773 | D:13     | You fall into a shaft and drop 2 floors!
 22019 | D:13     | Noticed Sonja
 22020 | D:13     | Killed Sonja
 22343 | D:12     | Noticed a fire giant
 22347 | D:12     | You fall into a shaft and drop 3 floors!
 22625 | D:15     | Found a runed translucent gate.
 22908 | D:12     | Bought a potion of heal wounds for 55 gold pieces
 22908 | D:12     | Bought a potion of curing for 33 gold pieces
 23422 | Lair:2   | Found a staircase to the Snake Pit.
 23740 | Lair:2   | Reached XP level 15. HP: 110/116 MP: 21/21
 24097 | Lair:3   | Noticed Nergalle
 24099 | Lair:3   | Noticed Amaemon
 24100 | Lair:3   | Killed Nergalle
 24111 | Lair:3   | Killed Amaemon
 24851 | Lair:3   | Found a staircase to the Swamp.
 25194 | Lair:3   | Reached skill level 15 in Shields
 26004 | Trove    | Entered a treasure trove
 26004 | Trove    | Found the amulet of Vitality {RegenMP++ Regen++}
 26013 | Trove    | Identified the ring of Fycof {Fire Contam rCorr Str+6}
 26024 | Trove    | Identified the ring of Omanyl {Fire Str+3 Stlth+}
 26039 | Trove    | Identified the ring of Amorality {Wiz +Blink rF- Dex-3
                  | SInv}
 26041 | Trove    | Identified the ring of Feufo {+Blink rElec rF+ rC+}
 26045 | Trove    | Identified the ring "Qeulumu" {Drain rC+++ Will- Str+6
                  | Int+8}
 26743 | Lair:6   | Entered Level 6 of the Lair of Beasts
 27129 | Lair:5   | Found a runed translucent gate.
 27129 | Lair:5   | Found a runed translucent gate.
 27129 | Lair:5   | Found a runed translucent gate.
 27130 | Lair:5   | Noticed an acid blob
 27130 | Lair:5   | Noticed an acid blob
 27131 | Lair:5   | Noticed a quicksilver ooze
 27131 | Lair:5   | Noticed an acid blob
 27131 | Lair:5   | Noticed an acid blob
 27131 | Lair:5   | Noticed an azure jelly
 27133 | Lair:5   | Noticed Buqosi's ghost (journeyman BaIE)
 27133 | Lair:5   | Noticed an acid blob
 27134 | Lair:5   | Noticed an acid blob
 27134 | Lair:5   | Noticed an acid blob
 27135 | Lair:5   | Noticed an acid blob
 27135 | Lair:5   | Noticed an azure jelly
 27594 | Lair:5   | Reached XP level 16. HP: 122/122 MP: 22/22
 27797 | Lair:5   | Reached skill level 11 in Earth Magic
 27924 | Lair:5   | Found a viscous altar of Jiyva.
 27998 | Lair:6   | Found a viscous altar of Jiyva.
 27998 | Lair:6   | Found a staircase to the Slime Pits.
 28185 | Lair:6   | Found a runed translucent gate.
 28185 | Lair:6   | Found a runed translucent gate.
 28185 | Lair:6   | Found a runed translucent gate.
 28188 | Lair:6   | Noticed Selrock's ghost (journeyman MfGl)
 29162 | Lair:6   | Reached skill level 15 in Earth Magic
 29172 | Lair:6   | Learned a level 5 spell: Borgnjor's Vile Clutch
 29792 | D:12     | Killed a frost giant
 29803 | D:12     | Killed a fire giant
 30290 | Orc:1    | Entered Level 1 of the Orcish Mines
 30290 | Orc:1    | Noticed Fannar
 30295 | Orc:1    | Killed Fannar
 30327 | Orc:1    | Found Luate's General Store.
 30338 | Orc:1    | Found Zeratizesu's Specific Store.
 30347 | Orc:1    | Bought a scroll of identify for 22 gold pieces
 30407 | Orc:1    | Reached XP level 17. HP: 115/127 MP: 23/23
 30673 | Orc:2    | Entered Level 2 of the Orcish Mines
 30759 | Orc:2    | Found a staircase to the Elven Halls.
 31013 | Orc:2    | Found Sasudden's Armour Emporium.
 31043 | Orc:2    | Found Qyudghann's Armour Shoppe.
 31109 | Orc:2    | HP: 2/127 [two-headed ogre/+0 giant club (15)]
 31111 | Orc:2    | Slain by an ogre

Illustrated notes

Levels and vault maps discovered:
D:1:      evilmike_arrival_rings, layout_basic
D:2:      layout_basic, hellmonk_ecumenical_altar_dog_temple
D:3:      layout_loops_ring, minmay_misc_feat_nine_boxes
D:4:      layout_layer_cave, lightli_ossuary_entry_decrepit_ruins,
          minmay_goblin_kobold_house
D:5:      layout_basic, gammafunk_ghost_cemetery
D:6:      layout_loops_corners, minmay_temple_entry_mist
D:7:      minmay_skewed_foursquare, layout_cave_pods
D:8:      argonaut_augean_stables, layout_rooms, minmay_the_grid_2x2
          [minmay_the_grid_aliased_spiral, minmay_the_grid_stretched_grid,
          minmay_the_grid_broken_lines, minmay_the_grid_prize_inner_circle],
          uniq_erica
D:9:      layout_roguey, old_standard_altar, mainiacjoe_overflow_paths,
          minmay_fractal_squares_5
D:10:     layout_basic, minmay_shop_mayhem, hangedman_abyss_or_decor_passed,
          fountainhead
D:11:     layout_cross, erik_lair_island, serial_shops, shop
D:12:     regret_index_bee_streams, layout_long_grid, david_orc_1_choice,
          serial_shops, nicolae_take_the_stairs, kennysheep_generic_room_5
D:13:     layout_long_grid, uniq_sonja, uniq_nessos
D:14:     layout_loops_ring, david_vaults_2
D:15:     grunt_enter_depths_giant_problem, layout_stronghold, enter_trove_6,
          serial_park_avenue1, gammafunk_ghost_hydra_chop, fountainhead
Temple:   mainiacjoe_temple_big_plus
Lair:1:   layout_chaotic_city, gammafunk_ghost_cemetery, uniq_joseph
Lair:2:   layout_big_grid, minmay_snake_entry_six_corridors, enter_volcano_4,
          nicolae_lair_grove_arrangements, serial_bayou_shore_a
Lair:3:   layout_cave_pods, palyth_hydra_swamp_entry, uniq_nergalle,
          uniq_amaemon
Lair:4:   layout_cave_shapes
Lair:5:   layout_concentric_octagons, gammafunk_ghost_ooze, grunt_megastairs_5
Lair:6:   due_jungle_book, layout_layer_cave, minmay_slime_entry_oklob_open,
          gammafunk_ghost_split, grunt_megastairs_1, lemuel_fruit_tree
Orc:1:    layout_caves, nicolae_specific_store, nicolae_orc_stony_grotto,
          uniq_fannar
Orc:2:    st_orc_open, layout_caves, serial_shops, shop

Skill      XL: |  1  2  3  4  5  6  7  8  9 10 11 12 13 14 15 16 17 |
---------------+----------------------------------------------------+-----
Dodging        | 2 |  2.1
Stealth        | 2 |  2.0
Fighting       | 3 4 5 6 8 10 12 14 15 | 15.3
Crossbows      | 5 6 7 8 10 11 13 14 16 | 16.0
Armour         | 5 |  5.1
Shields        | 13 16 | 16.1
Invocations    | 2 9 |  9.0
Earth Magic    | 2 10 15 | 15.0
Necromancy     | 5 8 |  8.5

Action                   |  1- 3 |  4- 6 |  7- 9 | 10-12 | 13-15 | 16-18 || total
-------------------------+-------+-------+-------+-------+-------+-------++-------
 Fire: Hand crossbow     |    81 |   194 |   467 |   472 |   531 |       ||  1745
       Arbalest          |       |       |       |       |   481 |   482 ||   963
Invok: Ancestor Identity |       |       |     1 |       |       |       ||     1
       Recall Ancestor   |       |       |       |     9 |     8 |       ||    17
       Ancestor Life: Kn |       |       |       |     1 |       |       ||     1
       Transference      |       |       |       |     3 |     5 |       ||     8
       Idealise          |       |       |       |       |     3 |       ||     3
 Abil: Dig               |     2 |       |       |       |       |       ||     2
       Shaft Self        |       |       |       |     5 |     4 |       ||     9
Evoke: Wand              |       |       |     7 |     4 |       |       ||    11
  Use: Scroll            |     3 |     1 |       |    15 |    11 |     1 ||    31
       Potion            |       |       |       |     7 |     3 |    11 ||    21
Armor: Leather armour    |    19 |    52 |    97 |    46 |     8 |       ||   222
       Troll leather arm |       |       |       |       |    94 |    41 ||   135
Dodge: Dodged            |    21 |    58 |   173 |    95 |   241 |    99 ||   687

Table legend: (Time is in decaauts)
 A = Elapsed time spent in this place.
 B = Non-inter-level travel time spent in this place.
 C = Inter-level travel time spent in this place.
 D = Time resting spent in this place.
 E = Time spent auto-exploring this place.
 F = Levels seen in this place.
 G = Mean time per level.
                   A        B        C        D        E       F      G
               +--------+--------+--------+--------+--------+-----+--------+
         Total |  31402 |  29178 |   2224 |   6632 |  16031 |  27 | 1163.0 |
       Dungeon |  21442 |  19843 |   1599 |   4795 |  11009 |  15 | 1429.5 |
        Temple |    309 |    287 |     22 |      0 |    279 |   1 |  309.0 |
          Lair |   7996 |   7414 |    582 |   1624 |   3961 |   6 | 1332.7 |
  Orcish Mines |    825 |    806 |     19 |      0 |    566 |   2 |  412.5 |
         Trove |    122 |    122 |      0 |      0 |      0 |   1 |  122.0 |
       Ossuary |    692 |    692 |      0 |    213 |    216 |   1 |  692.0 |
       Volcano |     12 |     12 |      0 |      0 |      0 |   1 |   12.0 |
               +--------+--------+--------+--------+--------+-----+--------+

Top non-repeatable levels by time:
    D:12: 2709 daAuts
    D:15: 2330 daAuts
    D:13: 1906 daAuts
    D:14: 1880 daAuts
  Lair:1: 1807 daAuts
     D:5: 1760 daAuts
  Lair:6: 1752 daAuts
     D:4: 1504 daAuts
     D:7: 1478 daAuts
    D:11: 1433 daAuts
     D:6: 1371 daAuts
     D:1: 1328 daAuts
  Lair:3: 1287 daAuts
  Lair:5: 1249 daAuts
  Lair:2: 1227 daAuts
